 Dungeon Crawl Stone Soup version 0.30-a0-652-gcc886f7154 (webtiles) character file.

Game seed: 5436550424270653371

2 wormed the Sneak (level 1, -3/11 HPs)
             Began as a Spriggan Delver on Jan 17, 2023.
             Slain by a gnoll sergeant
             ... wielding a +0 spear
              (14 damage)
             ... on level 5 of the Dungeon.
             The game lasted 00:00:21 (46 turns).

wormed the Sneak (Spriggan Delver)                    Turns: 46, Time: 00:00:22

Health: -3/11      AC:  2    Str:  8    XL:     1   Next: 25%
Magic:  2/2        EV: 17    Int: 11    God:
Gold:   0          SH:  0    Dex: 16    Spells: 0/0 levels left

rFire   . . .      SeeInvis +    a - +0 short sword
rCold   . . .      Faith    .    (no shield)
rNeg    . . .      Spirit   .    b - +0 robe
rPois   .          Reflect  .    (helmet restricted)
rElec   .          Harm     .    (no cloak)
rCorr   .          Rampage  .    (gloves unavailable)
Will    .....                    (boots unavailable)
Stlth   ++++                     (no amulet)
HPRegen 0.21/turn                (no ring)
MPRegen 0.08/turn                (no ring)

@: very quick
A: very small, no large weapons, unfitting armour, see invisible, speed 3
a: no special abilities


You were on level 5 of the Dungeon.
You visited 1 branch of the dungeon, and saw 1 of its levels.

Inventory:

Hand Weapons
 a - a +0 short sword (weapon)
Armour
 b - a +0 robe (worn)
Wands
 g - a wand of digging (3)
Scrolls
 c - a scroll of fog
 d - a scroll of magic mapping
 e - a scroll of fear
Potions
 f - a potion of haste


   Skills:
 + Level 2.4 Fighting
 + Level 2.2 Short Blades
 + Level 2.7 Dodging
 + Level 7.2 Stealth


You couldn't memorise any spells.
You didn't know any spells.
Your spell library was empty.

Dungeon Overview and Level Annotations

Branches:
Dungeon (5/15)
 Temple: D:4-7

Altars:

Annotations:
D:5 Ijyb


Innate Abilities, Weirdness & Mutations

You are very small and have problems with some larger weapons.
You are too small for most types of armour.
You have supernaturally acute eyesight. (SInv)
You cover ground extremely quickly. (Speed+++)


Message History

Welcome, wormed the Spriggan Delver.
Below lies the Orb of Zot, rumoured to be powerful enough to resurrect a god...
Press ? for a list of commands and other information.
Found a stone staircase leading down.
An orc comes into view. It is wielding a +0 short sword.
An orc comes into view. It is wielding a +0 flail.
The helpless orc fails to defend itself.
You impale the orc!!
You kill the orc!
You see here a +0 short sword.
Ijyb the Twisted Goblin comes into view.
She is wielding a +0 dagger and carrying a wand of charming (9).
The orc shouts!
Ijyb shouts!
You hear a shout!
You see here a +0 short sword.
Found 7 stones.
A shadow imp comes into view.
A gnoll sergeant comes into view. It is wielding a +0 spear.
A gnoll comes into view. It is wielding a +0 spear.
A gnoll comes into view. It is wielding a +0 spear.
The helpless gnoll sergeant fails to defend itself.
You impale the gnoll sergeant!!
The gnoll sergeant is almost dead.
The gnoll shouts!
You hear a shout!
The gnoll misses you.
The gnoll sergeant hits you with a +0 spear!
Ouch! That really hurt!
You die...

#...# #### ##.###
####.#.. .# ##....#
####...... ..#
.....####.......# ....
....^.....##....## #...g
#..........5...........#
.......##....#..##....#
.......##...##.##.....##
........##..#...@g.....#
.#......#...#..#...##...
.#.#.>..###....#.g##
....##...........##
..#.#............#
.......####.......#
##.....# #..###...#
##....# ..## #.....
##..## ##.# ......


You could see a gnoll sergeant and 2 gnolls.

Vanquished Creatures
  An orc (D:5)
1 creature vanquished.

Notes
Turn   | Place    | Note
-------+----------+-------------------------------------------
     0 | D:5      | wormed the Spriggan Delver began the quest for the Orb.
     0 | D:5      | Reached XP level 1. HP: 11/11 MP: 2/2
    16 | D:5      | Noticed Ijyb
    40 | D:5      | Noticed a gnoll sergeant
    46 | D:5      | Slain by a gnoll sergeant

Illustrated notes

Levels and vault maps discovered:
D:5:      layout_cave_pools, kennysheep_orc_sif_temple, temple_doors_cd,
          serial_gnoll_camp, gnoll_camp_mini_hut, gnoll_camp_huts_basic,
          gnoll_camp_mini_loothouse, gnoll_camp_mini_basic,
          gnoll_camp_mini_sergeant, st_stairs_4, due_unseen_surprise,
          uniq_duvessa, uniq_blork_the_orc, uniq_ijyb

Action                   || total
-------------------------++-------
Melee: Short sword       ||     2
 Stab: Sleeping          ||     2
Dodge: Dodged            ||     1

Table legend: (Time is in decaauts)
 A = Elapsed time spent in this place.
 B = Non-inter-level travel time spent in this place.
 C = Inter-level travel time spent in this place.
 D = Time resting spent in this place.
 E = Time spent auto-exploring this place.
 F = Levels seen in this place.
 G = Mean time per level.
                   A        B        C        D        E       F      G
               +--------+--------+--------+--------+--------+-----+--------+
         Total |     27 |     27 |      0 |      0 |      3 |   1 |   27.0 |
       Dungeon |     27 |     27 |      0 |      0 |      3 |   1 |   27.0 |
               +--------+--------+--------+--------+--------+-----+--------+

Top non-repeatable levels by time:
     D:5: 27 daAuts
